AoeStats
← AiM | mc_cario

MegaRandom

509523246Analyzed
3v3 RM · 6d ago on Sep 27, 2026· 47m 3s· 6 players
Game mode
Random Map
Map size
Normal (6 player)
Population
200
Speed
Normal
Resources
Standard
Victory
Conquest
Starting age
Dark Age
Ending age
Imperial Age
RankedLock teamsTeams togetherTeam positionsShared explorationLock speedFull tech treeHidden civsTurbo modeCheats
Victory
Defeat
🇨🇱 Koreans · Chile
1672
+7
🇨🇱 Shu · Chile
1547
+11
🇨🇱 Turks · Chile
1388
+17
🇧🇷 Gurjaras · Brazil
1475
-13
🇧🇷 Goths · Brazil
1457
-12
🇨🇦 Burgundians · Canada
1387
-10
Chagas
8:02 Loom
10:16 Feudal Age
11:02 Double-Bit Axe
11:00 Horse Collar
17:12 Fletching
24:04 Castle Age
22:56 Scale Barding Armor
23:58 Gold Mining
25:16 Forging
25:13 Husbandry
30:06 Wheelbarrow
30:12 Elite Skirmisher
30:49 Bodkin Arrow
31:58 Padded Archer Armor
34:56 Hand Cart
39:29 Imperial Age
38:55 Chain Barding Armor
40:47 Plate Barding Armor
40:25 Bloodlines
39:40 Heavy Camel Rider
40:03 Light Cavalry
41:57 Iron Casting
42:59 Hussar
Guido
0:38 Loom
11:18 Feudal Age
12:31 Town Watch
13:34 Double-Bit Axe
13:30 Horse Collar
17:50 Wheelbarrow
21:02 Castle Age
19:13 Gold Mining
19:17 Stone Mining
21:55 Bow Saw
21:55 Heavy Plow
25:07 Stone Shaft Mining
24:47 Hand Cart
31:44 Fletching
32:22 Scale Mail Armor
33:38 Bodkin Arrow
34:18 Chain Mail Armor
36:47 Imperial Age
35:05 Chain Mail Armor
35:18 Forging
35:42 Squires
35:58 Forging
37:31 Iron Casting
37:03 Anarchy
38:01 Conscription
37:43 Perfusion
37:44 Elite Huskarl
40:51 Blast Furnace
koppzer
3:28 Double-Bit Axe
8:23 Loom
10:34 Feudal Age
11:30 Bow Saw
11:34 Horse Collar
17:32 Town Watch
23:57 Castle Age
22:09 Scale Barding Armor
22:53 Gold Mining
23:03 Heavy Plow
26:58 Husbandry
29:19 Chain Barding Armor
30:47 Two-Man Saw
32:55 Wheelbarrow
33:50 Forging
36:00 Gold Shaft Mining
39:10 Crop Rotation
39:57 Town Watch
41:43 Coinage
NPG | Joako
6:49 Loom
9:46 Feudal Age
10:46 Double-Bit Axe
13:21 Town Watch
13:31 Fletching
23:15 Castle Age
21:39 Horse Collar
22:14 Scale Mail Armor
23:19 Crossbowman
23:54 Bodkin Arrow
25:36 Bow Saw
30:27 Ballistics
36:05 Imperial Age
36:49 Wheelbarrow
37:45 Chemistry
37:54 Conscription
40:46 Elite Fire Lancer
41:28 Squires
41:38 Pikeman
41:39 Man-at-Arms
42:05 Arson
42:41 Chain Mail Armor
42:36 Forging
42:57 Bracer
43:09 Masonry
42:35 Long Swordsman
43:49 Two-Handed Swordsman
45:47 Two-Man Saw
45:03 Hand Cart
45:12 Champion
QNA_Basualt
6:32 Loom
8:54 Feudal Age
9:22 Double-Bit Axe
11:08 Horse Collar
15:34 Wheelbarrow
18:11 Forging
20:59 Castle Age
19:41 Gold Mining
20:54 Scale Barding Armor
22:18 Bow Saw
22:08 Heavy Plow
22:26 Husbandry
23:26 Hand Cart
26:41 Chain Barding Armor
28:49 Town Watch
29:56 Pikeman
30:36 Squires
30:22 Arson
34:12 Imperial Age
32:02 Squires
31:47 Gambesons
32:27 Pikeman
32:53 Arson
33:10 Scale Mail Armor
33:17 Treadmill Crane
33:47 Masonry
33:58 Ballistics
35:25 Conscription
35:29 Chain Mail Armor
35:20 Coiled Serpent Array
34:50 Halberdier
37:40 Chemistry
36:11 Man-at-Arms
36:42 Gambesons
36:58 Long Swordsman
38:10 Two-Handed Swordsman
40:02 Elite White Feather Guard
41:13 Murder Holes
42:37 Champion
45:28 Fletching
47:22 Plate Mail Armor
AiM | mc_cario
5:50 Loom
8:38 Feudal Age
13:19 Fletching
21:03 Castle Age
19:22 Double-Bit Axe
19:19 Horse Collar
21:13 Padded Archer Armor
21:50 Bodkin Arrow
33:19 Leather Archer Armor
37:44 Imperial Age
38:16 Wheelbarrow
40:45 Heavy Cavalry Archer
41:51 Parthian Tactics
42:25 Thumb Ring
45:04 Bracer
45:35 Ring Archer Armor
45:50 Bloodlines
45:40 Husbandry
46:55 Ballistics
Connection lost

Rejoining the realm…

Still unreachable

The connection could not be restored.

Session expired

The server has moved on; the page needs a fresh start.